 Dungeon Crawl Stone Soup version 0.30-a0-879-ga8ba668304 (webtiles) character file.

Game seed: 9013952445990327510

6455 cheesebisquit the Cleaver (level 10, -3/91 HPs)
             Began as a Hill Orc Monk on Mar 13, 2023.
             Was a Believer of Beogh.
             Succumbed to an orc warrior's poison
             ... on level 9 of the Dungeon.
             The game lasted 00:42:06 (10504 turns).

cheesebisquit the Cleaver (Hill Orc Monk)          Turns: 10504, Time: 00:42:07

Health: -3/91      AC: 26    Str: 19    XL:     10   Next: 99%
Magic:  10/10      EV:  8    Int: 10    God:    Beogh [**....]
Gold:   313        SH:  0    Dex: 13    Spells: 9/9 levels left

rFire   . . .      SeeInvis .    a - +0 hand axe
rCold   . . .      Faith    .    O - orb {light}
rNeg    . . .      Spirit   .    C - +2 plate armour
rPois   .          Reflect  .    (no helmet)
rElec   .          Rampage  .    n - +2 cloak
rCorr   .                        x - +2 pair of gloves
Will    .....                    (no boots) Stlth
                                 (no amulet)
HPRegen 0.35/turn                f - +4 ring of protection
MPRegen 0.12/turn                (no ring)

@: confused, mighty, lethally poisoned (-3 -> -45), ambrosia-drunk, glowing
A: no striking features
a: Renounce Religion, Smiting


You were on level 9 of the Dungeon.
You worshipped Beogh.
Beogh was pleased with you.
You visited 2 branches of the dungeon, and saw 10 of its levels.
You also visited: Sewer.

You collected 523 gold pieces.
You spent 210 gold pieces at shops.

Inventory:

Hand Weapons
 a - a +0 hand axe (weapon)
 H - the +7 sling "Imuubb" {freeze, rC+ Will++}
   (You found it on level 6 of the Dungeon)

   rC:        It protects you from cold.
   Will:      It greatly increases your willpower.
Missiles
 g - a poisoned dart
 w - 2 datura-tipped darts
 L - 4 boomerangs (quivered)
 M - 4 javelins
Armour
 n - a +2 cloak (worn)
 x - a +2 pair of gloves (worn)
 C - a +2 plate armour (worn)
 O - an orb of light (worn)
Jewellery
 f - a +4 ring of protection (left hand)
 E - a ring of fire
Wands
 b - a wand of flame (26)
 J - a wand of digging (5)
 K - a wand of polymorph (4)
 P - a wand of roots (1)
Scrolls
 h - 2 scrolls of immolation
 j - a scroll of silence {unknown}
 l - 4 scrolls of amnesia
 m - 6 scrolls of teleportation
 q - a scroll of summoning
 s - 2 scrolls of fear
 v - a scroll of torment {unknown}
 y - a scroll of fog
 A - a scroll of enchant weapon {unknown}
 D - 2 scrolls of poison {unknown}
 N - a scroll of enchant armour
 Q - a scroll of noise {unknown}
Potions
 c - a potion of ambrosia
 e - 2 potions of lignification
 i - 2 potions of flight
 p - 6 potions of brilliance
 r - 2 potions of haste
 t - a potion of resistance
 u - 5 potions of invisibility
 B - a potion of magic
 F - 2 potions of mutation {unknown}
 G - a potion of degeneration {unknown}
 I - a potion of berserk rage {unknown}


   Skills:
 + Level 9.5 Fighting
 * Level 13.8 Axes
 + Level 7.9 Armour
 + Level 6.6 Dodging
 - Level 1.5 Stealth
 + Level 0.4 Invocations


You had 9 spell levels left.
You didn't know any spells.
Your spell library contained the following spells:

 Spells                   Type           Power      Damage    Failure   Level
 Beastly Appendage        Tmut           0%         N/A       100%        1
 Sandblast                Erth           0%         2d4       100%        1
 Passwall                 Tmut/Erth      0%         N/A       100%        2
 Wereblood                Tmut           0%         N/A       100%        2
 Call Canine Familiar     Summ           0%         N/A       100%        3
 Confusing Touch          Hex            0%         N/A       100%        3
 Kindle Blastsparks       Fire/Tloc/Air  0%         2d10      100%        3
 Portal Projectile        Hex/Tloc       0%         N/A       100%        3
 Spider Form              Tmut/Pois      0%         N/A       100%        3
 Stone Arrow              Conj/Erth      0%         3d7       100%        3
 Fulminant Prism          Conj/Hex       0%         3d5       100%        4
 Iskenderun's Mystic Bla  Conj/Tloc      0%         2d3       100%        4
 Leda's Liquefaction      Hex/Erth       0%         N/A       100%        4
 Petrify                  Tmut/Erth      0%         N/A       100%        4
 Fireball                 Conj/Fire      0%         3d3       100%        5
 Lee's Rapid Deconstruct  Erth           0%         3d4*      100%        5
 Metabolic Englaciation   Hex/Ice        0%         N/A       100%        5
 Statue Form              Tmut/Erth      0%         N/A       100%        6


Dungeon Overview and Level Annotations

Branches:
Dungeon (9/15)             Temple (1/1) D:5            Lair (0/5) D:9
  Sewer (visited)
    Orc: D:9-12

Altars:
Ashenzari
Cheibriados
Dithmenos
Elyvilon
Fedhas
Gozag
Hepliaklqana
Kikubaaqudgha
Nemelex Xobeh
Okawaru
Qazlal
Ru
Sif Muna
Trog
Uskayaw
Vehumet
Wu Jian
Xom
Yredelemnul
Zin
The Shining One

Shops:
D:5 [   D:6 (


Message History

You feel sick.
You barely miss the orc warrior.
The orc warrior is severely wounded.
You feel sick.
The orc warrior hits you with a +0 war axe of venom.
You are more poisoned.
You barely miss the orc warrior.
The orc warrior is severely wounded.
You feel very sick.
The orc warrior hits you but does no damage.
You hit the orc warrior but do no damage.
The orc warrior is severely wounded.
You feel very sick.
You feel very mighty all of a sudden.
You feel very sick.
The orc warrior hits you with a +0 war axe of venom!
* * * LOW HITPOINT WARNING * * *
You are more poisoned.
You hit the orc warrior but do no damage.
The orc warrior is severely wounded.
* * * LOW HITPOINT WARNING * * *
You feel very sick.
The orc warrior hits you but does no damage.
You are more poisoned.
You are confused.
You feel invigorated.
* * * LOW HITPOINT WARNING * * *
You feel very sick.
The orc warrior hits you but does no damage.
You are more poisoned.
You bump into the rock wall.
* * * LOW HITPOINT WARNING * * *
You feel extremely sick.
The orc warrior hits you but does no damage.
You are more poisoned.
The orc warrior attacks as you move away!
The orc warrior hits you but does no damage.
You are more poisoned.
You hear the creaking of a very distant portcullis.
You die...

.....#....##**..#..,*****,****,,,
...........# *,...,**##...,,,**,,
...........##**...**#.....,,,,,,,
............##*#.#**...P..,,,,,,,
........#....###.#*#.P....,,,,,,,
...$....##....##)#*.......,,,,,,,
........##$....#†#*.....#***,,,,,
,<......*##....#)##.....#,>*,,,,,
,,.....** ##....@)oo....#,,*,,,,,
,,,,,,,* #......##o....#+**,,,,,
,,,,,,,* *#....$.#*.P.....,,,,,,,
,,,,,,** #........##......,,,,,,*
,,,,,,* #.........#......,,,,,,*
,,,,,,* *#?........##..P..,,,,,*,
,,,,,,* #...........*##..P,,,***,
,,,,,** #............**###,,***,,
,,,,,* **,,,,,,,,,,,,,** **,**,,,


You could see an orc warrior, an orc wizard (invisible) and an orc.

Vanquished Creatures
  2 two-headed ogres
  An unseen horror (D:8)
  2 komodo dragons (D:9)
  Grinder (D:6)
  A wraith (D:8)
  A wyvern (D:7)
  8 yaks
  A steam dragon (D:8)
  A water moccasin (D:7)
  2 orc warriors (D:9)
  2 ice beasts
  A sky beast (D:6)
  An ogre (D:5)
  3 centaurs
  A phantom (D:5)
  8 bullfrogs
  3 scorpions (D:5)
  3 wights (D:9)
  4 howler monkeys
  3 hounds
  4 jellies
  3 iguanas
  A sleepcap (D:6)
  4 orc wizards
  A mummy (D:7)
  A river rat (Sewer)
  19 adders
  2 ufetubi (D:5)
  2 worms
  6 dart slugs
  35 orcs
  16 ball pythons
  13 endoplasms
  6 giant cockroaches
  8 hobgoblins
  6 jackals (D:2)
  7 kobolds
  6 quokkas
  8 bats
  2 frilled lizards (Sewer)
  10 goblins
  A hobgoblin zombie (D:7)
  2 kobold zombies (D:7)
  An orc zombie (D:7)
  6 rats
219 creatures vanquished.

Vanquished Creatures (collateral kills)
  A bullfrog (D:7)
  2 orcs (D:5)
3 creatures vanquished.

Vanquished Creatures (others)
  16 fungi (D:9)
  15 plants (D:9)
31 creatures vanquished.

Grand Total: 253 creatures vanquished

Notes
Turn   | Place    | Note
-------+----------+-------------------------------------------
     0 | D:1      | cheesebisquit the Hill Orc Monk began the quest for the
                  | Orb.
     0 | D:1      | Reached XP level 1. HP: 19/19 MP: 1/1
   321 | D:1      | Reached XP level 2. HP: 19/27 MP: 2/2
   970 | D:2      | Reached skill level 1 in Armour
   970 | D:2      | Reached XP level 3. HP: 29/33 MP: 3/3
  1112 | D:2      | Got the Information on Bewitching Kindling
  1396 | D:2      | Reached skill level 5 in Axes
  1427 | D:2      | Reached XP level 4. HP: 34/40 MP: 4/4
  1474 | D:2      | Found a radiant altar of Vehumet.
  1959 | D:2      | Reached XP level 5. HP: 41/47 MP: 5/5
  2428 | D:3      | Found a faded altar of an unknown god.
  2749 | D:3      | Reached skill level 6 in Axes
  3211 | D:3      | Reached XP level 6. HP: 51/55 MP: 6/6
  3724 | D:4      | Found a glowing drain.
  3734 | Sewer    | Entered a sewer
  3869 | Sewer    | Reached skill level 5 in Fighting
  3981 | Sewer    | Found a viscous altar of Jiyva.
  4345 | D:4      | Reached skill level 7 in Axes
  4383 | D:4      | Reached XP level 7. HP: 60/61 MP: 7/7
  4728 | D:4      | You fall into a shaft and drop 1 floor!
  4728 | D:5      | Entered Level 5 of the Dungeon
  4800 | D:5      | Found a staircase to the Ecumenical Temple.
  4806 | Temple   | Entered the Ecumenical Temple
  5513 | D:5      | Reached skill level 8 in Axes
  5678 | D:5      | Found a radiant altar of Vehumet.
  5680 | D:5      | Found a basalt altar of Yredelemnul.
  5693 | D:5      | Found Gofun's Antique Armour Shoppe.
  5764 | D:5      | Bought a glowing cloak for 210 gold pieces
  5839 | D:5      | Reached XP level 8. HP: 51/70 MP: 8/8
  5978 | D:5      | Became a worshipper of Beogh the Brigand
  5978 | D:5      | Reached * piety under Beogh
  5978 | D:5      | Reached ** piety under Beogh
  6627 | D:6      | Reached skill level 9 in Axes
  6946 | D:6      | Identified the +7 sling "Imuubb" {freeze, rC+ Will++}
  7095 | D:6      | Found Ziddeunn's Weapon Emporium.
  7125 | D:6      | Found a glowing silver altar of Zin.
  7126 | D:6      | Noticed Grinder
  7138 | D:6      | Killed Grinder
  7239 | D:6      | Reached skill level 5 in Armour
  7521 | D:7      | Reached skill level 10 in Axes
  7521 | D:7      | Reached XP level 9. HP: 79/79 MP: 9/9
  8424 | D:7      | Reached skill level 5 in Dodging
  8837 | D:8      | Reached skill level 11 in Axes
  9280 | D:8      | Noticed a two-headed ogre
  9295 | D:8      | Killed a two-headed ogre
  9296 | D:8      | Reached skill level 12 in Axes
  9296 | D:8      | Reached XP level 10. HP: 65/90 MP: 4/10
  9393 | D:8      | Noticed an unseen horror
  9990 | D:8      | Killed an unseen horror
 10271 | D:9      | Reached skill level 13 in Axes
 10347 | D:9      | Noticed a two-headed ogre
 10356 | D:9      | Killed a two-headed ogre
 10503 | D:9      | HP: 3/91 [poisoned by an orc warrior]
 10504 | D:9      | Succumbed to an orc warrior's poison

Illustrated notes

Levels and vault maps discovered:
D:1:      lightli_iron_boxes, layout_loops_corners, nrook_loot_triangle,
          nicolae_kite_square_tiling_tiny
D:2:      minmay_razor_zed, layout_basic, basic_altar
D:3:      kb_forest_paths, layout_basic, hellmonk_ecumenical_altar_slurped_away,
          kennysheep_generic_room_7
D:4:      layout_cave_pools, portal_sewer_entry_d, item_on_display_b
D:5:      cheibrodos_helix_gallery, layout_basic,
          chequers_temple_overflow_statue_of_worship,
          minmay_temple_entry_enclosed_plants, serial_shops, shop,
          minmay_quadrilaterals
D:6:      layout_basic, zin_academy, serial_shops,
          nicolae_shop_bloodbath_and_beyond, uniq_grinder
D:7:      layout_cave_pods, minmay_mini_ossuary
D:8:      layout_basic
D:9:      layout_cave_pods, mainiacjoe_overflow_surrounded_room,
          grunt_lair_entry_orc_guard_hut, enter_bailey_2,
          ebering_ghost_funeral_grove, uniq_maggie, uniq_psyche
Temple:   compressed_dpeg_circular_temple

Skill      XL: |  1  2  3  4  5  6  7  8  9 10 |
---------------+-------------------------------+-----
Armour         | 1 2 3 5 6 7 |  7.9
Fighting       | 4 5 6 7 8 9 |  9.5
Axes           | 5 6 7 8 10 12 13 | 13.8
Dodging        | 3 4 5 6 |  6.6
Stealth        | |  1.5
Invocations    | |  0.4

Action                     |  1- 3 |  4- 6 |  7- 9 | 10-12 || total
---------------------------+-------+-------+-------+-------++-------
  Melee: Hand axe          |   128 |   312 |   533 |   289 ||  1262
         Punch             |     4 |     4 |     4 |       ||    12
  Throw: Dart              |       |     5 |    20 |     2 ||    27
         Boomerang         |       |    44 |     8 |    10 ||    62
 Invoke: Smiting           |       |       |     7 |     3 ||    10
         Convert to Beogh  |       |       |     1 |       ||     1
    Use: Scroll            |       |    10 |    11 |     1 ||    22
         Potion            |       |       |     1 |    10 ||    11
   Stab: Sleeping          |     1 |       |       |       ||     1
         Distracted        |       |       |     1 |       ||     1
 Armour: Robe              |    16 |       |       |       ||    16
         Leather armour    |    31 |       |       |       ||    31
         Scale mail        |     3 |   169 |    15 |       ||   187
         Plate armour      |       |       |   333 |   146 ||   479
  Dodge: Dodged            |    89 |   155 |   139 |    82 ||   465

Table legend: (Time is in decaauts)
 A = Elapsed time spent in this place.
 B = Non-inter-level travel time spent in this place.
 C = Inter-level travel time spent in this place.
 D = Time resting spent in this place.
 E = Time spent auto-exploring this place.
 F = Levels seen in this place.
 G = Mean time per level.
                   A        B        C        D        E       F      G
               +--------+--------+--------+--------+--------+-----+--------+
         Total |  10375 |   9619 |    756 |    165 |   7274 |  11 |  943.2 |
       Dungeon |   9772 |   9053 |    719 |    165 |   6898 |   9 | 1085.8 |
        Temple |    131 |     94 |     37 |      0 |     79 |   1 |  131.0 |
         Sewer |    471 |    471 |      0 |      0 |    296 |   1 |  471.0 |
               +--------+--------+--------+--------+--------+-----+--------+

Top non-repeatable levels by time:
     D:5: 1681 daAuts
     D:3: 1557 daAuts
     D:2: 1311 daAuts
     D:8: 1308 daAuts
     D:7: 1241 daAuts
     D:6: 949 daAuts
     D:1: 925 daAuts
     D:4: 545 daAuts
   Sewer: 471 daAuts
     D:9: 252 daAuts
  Temple: 131 daAuts
